 Dungeon Crawl Stone Soup version 0.20.1-1-g8b1a95d (webtiles) character file.

67025 Gargoyl the Severer (level 14, -7/137 HPs)
             Began as a Minotaur Abyssal Knight on Oct 2, 2017.
             Was the Champion of Lugonu.
             Mangled by an ettin
             ... wielding a +0 dire flail
              (27 damage)
             ... on level 14 of the Dungeon on Oct 3, 2017.
             The game lasted 00:51:30 (26958 turns).

Gargoyl the Severer (Minotaur Abyssal Knight)      Turns: 26958, Time: 00:51:30

Health: -7/137     AC: 25    Str: 27    XL:     14   Next: 81%
Magic:  20/21      EV: 11    Int: 14    God:    Lugonu [******]
Gold:   948        SH: 19    Dex: 14    Spells: 13/13 levels left

rFire    + + .     SeeInvis +   x - +5 war axe (chaos)
rCold    + . .     Gourm    .   I - +0 large shield
rNeg     + . .     Faith    .   q - +1 chain mail {rC+}
rPois    +         Spirit   .   V - +1 hat
rElec    .         Reflect  +   w - +2 cloak
rCorr    .         Harm     .   L - +0 pair of gloves
MR       +....     Clarity  +   (no boots)
Stlth    ..........             d - amulet of Beauty {Reflect rPois rF+ rN+ SH+2}
Regen    0.4/turn               n - ring "Geuvavig" {*Drain Str+5 Int+3 SInv Stlth+}
MPRegen  0.2/turn               k - ring of loudness (curse)

@: no status effects
A: retaliatory headbutt, hooves 1, horns 2, repulsion field 1, slimy green
scales 1, yellow scales 1, agile 1, clarity, clever 1, fire resistance 1, poison
resistance, robust 1, screaming 1, strong 1, evolution 1
a: Depart the Abyss, Bend Space, Banish, Corrupt, Enter the Abyss, Brand Weapon
With Distortion, Renounce Religion


You were on level 14 of the Dungeon.
You worshipped Lugonu.
Lugonu was exalted by your worship.
You were hungry.

You visited 2 branches of the dungeon, and saw 20 of its levels.
You visited the Abyss 2 times.

You collected 1936 gold pieces.
You spent 988 gold pieces at shops.

Inventory:

Hand Weapons
 x - a +5 war axe of chaos (weapon)
 A - a +3 hand axe
 K - a +2 demon trident of electrocution
 Q - a +3 hand axe
Missiles
 S - 4 silver javelins (quivered)
Armour
 q - a +1 chain mail of cold resistance (worn)
 w - a +2 cloak (worn)
 I - a +0 large shield (worn)
 L - a +0 pair of gloves (worn)
 V - a +1 hat (worn)
Jewellery
 d - the amulet of Beauty (around neck) {Reflect rPois rF+ rN+ SH+2}
   (You bought it in a shop on level 13 of the Dungeon)

   [amulet of reflection]

   It shields you and reflects attacks.
   It protects you from fire.
   It protects you from poison.
   It protects you from negative energy.
   It affects your SH (+2).
 k - a cursed ring of loudness (right hand)
 n - the ring "Geuvavig" (left hand) {*Drain Str+5 Int+3 SInv Stlth+}
   (You bought it in a shop on level 13 of the Dungeon)

   [ring of see invisible]

   It affects your strength (+5).
   It affects your intelligence (+3).
   It lets you see invisible.
   It causes draining when unequipped.
   It makes you more stealthy.
 r - an uncursed ring of poison resistance
 B - a +3 ring of strength
 P - an uncursed ring of flight
 W - an uncursed ring of protection from fire
Wands
 a - a wand of enslavement (16/24)
 o - a wand of iceblast (9/15)
 D - a wand of random effects (9/48)
 J - a wand of confusion (22/48)
Scrolls
 t - 11 scrolls of teleportation
 u - 4 scrolls of recharging
 v - 2 scrolls of magic mapping
 C - 3 scrolls of identify
 F - 3 scrolls of blinking
 M - a scroll of fog
Potions
 b - 3 potions of ambrosia
 f - a potion of berserk rage
 h - 5 potions of brilliance
 j - 3 potions of flight
 l - 2 potions of magic
 p - 8 potions of curing
 z - 2 potions of agility
 E - a potion of might
 N - a potion of haste
 Z - a potion of cancellation
Books
 e - a book of Cantrips

   Spells                             Type                      Level
   a - Confusing Touch                Hexes                        1
   b - Animate Skeleton               Necromancy                   1
   c - Summon Small Mammal            Summoning                    1
   d - Apportation                    Translocation                1
 g - a book of Battle

   Spells                             Type                      Level
   a - Infusion                       Charms                       1
   b - Shroud of Golubria             Charms/Translocation         2
   c - Song of Slaying                Charms                       2
   d - Spectral Weapon                Hexes/Charms                 3
   e - Regeneration                   Charms/Necromancy            3
 y - a book of Unlife

   Spells                             Type                      Level
   a - Recall                         Summoning/Translocation      3
   b - Animate Dead                   Necromancy                   4
   c - Control Undead                 Necromancy                   4
   d - Cigotuvi's Embrace             Necromancy                   5
   e - Death Channel                  Necromancy                   6
   f - Simulacrum                     Ice/Necromancy               6
 G - a book of Summonings

   Spells                             Type                      Level
   a - Recall                         Summoning/Translocation      3
   b - Aura of Abjuration             Summoning                    5
   c - Summon Demon                   Summoning                    5
   d - Summon Forest                  Summoning/Translocation      5
   e - Summon Mana Viper              Hexes/Summoning              5
   f - Shadow Creatures               Summoning                    6
Comestibles
 c - 15 bread rations
 i - 10 meat rations
 m - 25 fruits
 s - 7 royal jellies
 H - 3 chunks of flesh


   Skills:
 + Level 11.8 Fighting
 + Level 16.6 Axes
 + Level 1.6 Throwing
 * Level 16.2 Armour
 + Level 6.0 Dodging
 + Level 7.3 Shields
 * Level 11.8 Invocations


You had 13 spell levels left.
You didn't know any spells.

Dungeon Overview and Level Annotations

Branches:
Dungeon (14/15)            Temple (0/1) D:5            Lair (6/6) D:8
  Swamp (0/4) Lair:2       Spider (0/4) Lair:4        Slime (0/5) Lair:6
    Orc (0/2) D:10
 Vaults: D:13-14

Altars:
Fedhas
Kikubaaqudgha
Qazlal
Ru
The Shining One
Lugonu

Shops:
D:4 ?   D:12 *   D:13 =

Annotations:
D:10 1 transporter
Lair:3 Sonja


Innate Abilities, Weirdness & Mutations

You reflexively headbutt those who attack you in melee.
You have a pair of horns on your head.
You have large cloven feet.
You are surrounded by a mild repulsion field. (EV +2)
You are partially covered in slimy green scales. (AC +2)
You are partially covered in yellow scales. (AC +2)
You are agile. (Dex +2)
You possess an exceptional clarity of mind.
Your mind is acute. (Int +2)
Your flesh is heat resistant. (rF+)
Your system is resistant to poisons. (rPois)
You are robust. (+10% HP)
You occasionally shout uncontrollably at your foes.
Your muscles are strong. (Str +2)
You evolve.


Message History

You barely miss the deep troll. You kick the deep troll.
You headbutt the deep troll.
The deep troll is almost dead.
You block the deep troll's attack. The deep troll barely misses you.
The deep troll claws you!
You slash the deep troll! You burn the deep troll.
You kill the deep troll!
Lugonu accepts your kill.
You hit the ettin.
The ettin goes berserk!
You kick the ettin, but do no damage.
You headbutt the ettin, but do no damage.
The ettin is severely wounded.
The ettin hits you but does no damage. You block the ettin's attack.
You slash the ettin! You freeze the ettin.
You kick the ettin, but do no damage.
The ettin is almost dead.
The ettin looks more healthy.
The ettin hits you with a dire flail!!
* * * LOW HITPOINT WARNING * * *
The ettin hits you with a dire flail!!
You die...

########################
..........(............#
...........wWC..W......#
.####.##...#####w#####.
.# #.......CW.#C# .#
#.#######..#@# .# #.#
#..#.# .# #.# #W.#.#
.####.# #..#.# ......#
...#..
......##########..
####......... ...
##).##### #### #..#


You could see an ettin (berserk), a freezing wraith and a swamp worm shaped
shifter.

Vanquished Creatures
  Louise (D:14)
  A very ugly thing (D:13)
  A ghoul (D:14)
  Snorg (D:10)
  A fire dragon (D:14)
  Harold (Lair:1)
  The ghost of nano the Thaumaturge, a journeyman SpVM of Qazlal (D:14)
  A death knight (D:10)
  7 two-headed ogres
  A tengu warrior (D:13)
  A death yak (Lair:2)
  A deep troll (D:14)
  2 wizards (D:13)
  11 ugly things
  A wolf spider (D:12)
  A manticore (shapeshifter) (D:13)
  A manticore (D:14)
  5 black mambas
  4 gargoyles
  26 spiny frogs
  A kobold demonologist (D:12)
  A rime drake (Lair:4)
  2 efreet (D:14)
  A komodo dragon (Lair:4)
  2 jumping spiders (Lair:4)
  6 trolls
  4 tyrant leeches (Lair:6)
  Prince Ribbit (Lair:3)
  23 blink frogs
  A meliai zombie (D:14)
  9 hippogriffs
  2 slime creatures
  Sigmund (D:3)
  4 wyverns
  2 water elementals (Abyss:2)
  24 yaks
  A vampire (D:12)
  A wraith (D:11)
  Grum (D:10)
  4 hungry ghosts
  Eustachio (D:6)
  11 basilisks
  6 vampire mosquitoes (Lair:6)
  Menkaure (D:4)
  Edmund (D:5)
  A soldier ant (D:12)
  An acid dragon (D:13)
  A large abomination (D:10)
  17 water moccasins
  Duvessa (D:6)
  3 porcupines
  A black bear (D:7)
  2 ice beasts
  An eye of draining (D:12)
  4 phantoms
  6 orc warriors
  3 sky beasts
  A necrophage (D:8)
  4 ogres
  20 centaurs
  4 wolves (D:10)
  4 big kobolds
  11 crocodiles
  2 elf zombies (D:8)
  Blork the orc (D:6)
  A gnoll sergeant (D:10)
  26 bullfrogs
  An earth elemental (Abyss:2)
  3 wyvern zombies
  A wyvern skeleton (D:11)
  6 scorpions
  Dowan (D:6)
  A water moccasin skeleton (D:5)
  17 killer bees
  2 troll zombies (D:8)
  32 wights
  10 howler monkeys
  2 electric eels
  A bullfrog zombie (D:5)
  8 crimson imps
  3 centaur zombies
  5 human zombies (D:8)
  A quasit (D:12)
  14 jellies
  Crazy Yiuf (D:5)
  10 orc priests
  3 bullfrog skeletons
  6 hounds
  12 orc wizards
  3 centaur skeletons
  2 iguanas
  Natasha (D:4)
  10 worker ants
  7 hell rats
  A killer bee zombie (D:10)
  2 hound skeletons (D:10)
  A worker ant zombie (D:6)
  Robin (D:4)
  7 gnolls
  A howler monkey zombie (D:6)
  15 adders
  5 river rats (Lair:2)
  4 shadow imps
  21 oozes
  A worm (D:5)
  4 dart slugs
  7 leopard geckos
  62 orcs
  3 ball pythons
  9 giant cockroaches
  12 goblins
  8 hobgoblins
  7 jackals
  24 kobolds
  4 quokkas
  10 bats
  6 frilled lizards
  A leopard gecko skeleton (D:4)
  9 rats
  4 fungi
  4 plants (D:6)
691 creatures vanquished.

Vanquished Creatures (collateral kills)
  A worker ant (D:7)
1 creature vanquished.

Vanquished Creatures (others)
  7 hydras
  A two-headed ogre (D:8)
  3 electric eels (D:6)
  A hound skeleton (D:9)
  A jackal (D:6)
  13 fungi
  35 plants
61 creatures vanquished.

Grand Total: 753 creatures vanquished

Notes
Turn   | Place    | Note
-------+----------+-------------------------------------------
     0 | Abyss:1  | Gargoyl the Minotaur Abyssal Knight began the quest for the Orb.
     0 | Abyss:1  | Reached XP level 1. HP: 19/19 MP: 1/1
     0 | Abyss:1  | Found a corrupted altar of Lugonu.
    57 | Abyss:1  | Noticed a small abomination
    58 | D:1      | Escaped the Abyss
   249 | D:1      | Reached * piety under Lugonu
   249 | D:1      | Reached XP level 2. HP: 26/27 MP: 2/2
   660 | D:1      | Reached XP level 3. HP: 28/33 MP: 3/3
   970 | D:2      | Gained mutation: You are frail. (-10% HP) [potion of mutation]
   970 | D:2      | Gained mutation: You are surrounded by a mild repulsion field. (EV +2) [potion of mutation]
   970 | D:2      | Gained mutation: You have a pair of large horns on your head. [potion of mutation]
  1463 | D:3      | Noticed Sigmund
  1482 | D:3      | Killed Sigmund
  1482 | D:3      | Reached XP level 4. HP: 22/36 MP: 4/4
  1482 | D:3      | Reached XP level 5. HP: 26/42 MP: 5/5
  1987 | D:3      | Reached ** piety under Lugonu
  2087 | D:3      | Found a blossoming altar of Fedhas.
  2091 | D:3      | Reached XP level 6. HP: 49/49 MP: 6/6
  2583 | D:3      | Reached skill level 5 in Armour
  2670 | D:4      | You fall through a shaft!
  2670 | D:5      | Entered Level 5 of the Dungeon
  2670 | D:5      | Found a staircase to the Ecumenical Temple.
  2688 | D:5      | Found a stormy altar of Qazlal.
  2711 | D:5      | Reached skill level 5 in Fighting
  2714 | D:5      | Reached skill level 5 in Axes
  2762 | D:5      | Reached XP level 7. HP: 14/54 MP: 8/8
  3155 | D:4      | Reached *** piety under Lugonu
  3265 | D:4      | Noticed Menkaure
  3274 | D:4      | Killed Menkaure
  3330 | D:4      | Found Paom Epu's Magic Scroll Shoppe.
  3468 | D:4      | Reached XP level 8. HP: 62/62 MP: 10/10
  3575 | D:4      | Noticed Natasha
  3584 | D:4      | Killed Natasha
  3806 | D:4      | Noticed Robin
  3814 | D:4      | Killed Robin
  4107 | D:5      | Found a glowing golden altar of the Shining One.
  4195 | D:5      | Noticed Edmund
  4206 | D:5      | Killed Edmund
  4626 | D:5      | Found a runed door.
  4630 | D:5      | Noticed Crazy Yiuf
  4635 | D:5      | Killed Crazy Yiuf
  4645 | D:5      | Lost mutation: You are frail. (-10% HP) [potion of mutation]
  4645 | D:5      | Lost mutation: You have a pair of large horns on your head. [potion of mutation]
  4645 | D:5      | Gained mutation: You evolve. [potion of mutation]
  4645 | D:5      | Gained mutation: You have large cloven feet. [potion of mutation]
  4645 | D:5      | Gained mutation: Your mind is acute. (Int +2) [potion of mutation]
  4899 | D:6      | Noticed Dowan
  4900 | D:6      | Noticed Duvessa
  4919 | D:6      | Killed Dowan
  4954 | D:6      | Killed Duvessa
  5086 | D:6      | Reached **** piety under Lugonu
  5121 | D:6      | Noticed Blork the orc
  5123 | D:6      | Reached skill level 5 in Invocations
  5131 | D:6      | Killed Blork the orc
  5207 | D:6      | Reached XP level 9. HP: 75/75 MP: 11/11
  5280 | D:6      | Noticed Eustachio
  5316 | D:6      | Killed Eustachio
  7156 | D:7      | Reached skill level 10 in Axes
  7315 | D:7      | Paralysed by a wight for 5 turns
  7360 | D:7      | Reached skill level 10 in Armour
  7364 | D:7      | Reached XP level 10. HP: 63/84 MP: 13/13
  8068 | D:7      | Gained mutation: You are partially covered in slimy green scales. (AC +2) [mutagenic meat]
  8070 | D:7      | Gained mutation: Your flesh is heat resistant. (rF+) [mutagenic meat]
  8195 | D:7      | Gained mutation: Your system is resistant to poisons. (rPois) [evolution]
  8571 | D:8      | Reached ***** piety under Lugonu
  8892 | D:8      | Found an ancient bone altar of Kikubaaqudgha.
  8999 | D:8      | Noticed a two-headed ogre
  9007 | D:8      | Banished a two-headed ogre
  9011 | D:8      | Gained mutation: You occasionally shout uncontrollably at your foes. [mutagenic meat]
  9601 | D:8      | Found a staircase to the Lair.
  9953 | D:9      | Got a translucent copper amulet
  9954 | D:9      | Identified the amulet of Duiq {Inacc +Inv MR+++ Str-3 Dex+2} (You found it on level 9 of the Dungeon)
 10254 | D:9      | Reached XP level 11. HP: 63/94 MP: 15/15
 10435 | D:9      | Noticed a two-headed ogre
 10445 | D:9      | Killed a two-headed ogre
 10809 | Lair:1   | Entered Level 1 of the Lair of Beasts
 10847 | Lair:1   | Noticed Harold
 10875 | Lair:1   | Killed Harold
 11559 | Lair:1   | Gained mutation: Your muscles are strong. (Str +2) [evolution]
 11722 | Lair:2   | Reached skill level 1 in Throwing
 12000 | Lair:2   | Found a staircase to the Swamp.
 12194 | Lair:2   | Noticed a death yak
 12210 | Lair:2   | Killed a death yak
 13114 | Lair:3   | Noticed Prince Ribbit
 13120 | Lair:3   | Killed Prince Ribbit
 13545 | Lair:3   | Gained mutation: You are agile. (Dex +2) [evolution]
 13934 | Lair:3   | Noticed Sonja
 13948 | Lair:3   | Cast into level 2 of the Abyss (Sonja)
 13983 | Abyss:2  | Reached XP level 12. HP: 50/104 MP: 17/17
 13984 | Lair:3   | Escaped the Abyss
 14908 | Lair:4   | Noticed a seven-headed hydra
 14909 | Lair:4   | Banished a seven-headed hydra
 15548 | Lair:4   | Found a hole to the Spider Nest.
 16203 | Lair:5   | Noticed a four-headed hydra
 16207 | Lair:5   | Banished a four-headed hydra
 16836 | Lair:6   | Entered Level 6 of the Lair of Beasts
 16873 | Lair:6   | Noticed a seven-headed hydra
 16875 | Lair:6   | Banished a seven-headed hydra
 16875 | Lair:6   | Reached skill level 10 in Fighting
 16976 | Lair:6   | Noticed a five-headed hydra
 16982 | Lair:6   | Banished a five-headed hydra
 17337 | Lair:6   | Reached XP level 13. HP: 35/113 MP: 19/19
 17396 | Lair:6   | Reached skill level 10 in Invocations
 17917 | Lair:6   | Reached skill level 15 in Axes
 18196 | Lair:6   | Reached skill level 5 in Dodging
 18411 | Lair:6   | Found a staircase to the Slime Pits.
 18516 | Lair:6   | Gained mutation: You are partially covered in yellow scales. (AC +2) [evolution]
 18902 | Lair:6   | Reached skill level 15 in Armour
 19606 | D:10     | Entered Level 10 of the Dungeon
 19606 | D:10     | Found a sacrificial altar of Ru.
 19608 | D:10     | Noticed Snorg
 19642 | D:10     | Killed Snorg
 19642 | D:10     | Reached skill level 1 in Shields
 20583 | D:10     | Found a transporter.
 20605 | D:10     | Found a corrupted altar of Lugonu.
 20610 | D:10     | Found a transporter.
 21175 | D:10     | Found a staircase to the Orcish Mines.
 21244 | D:10     | Noticed Grum
 21275 | D:10     | Killed Grum
 21928 | D:11     | Gained mutation: You possess an exceptional clarity of mind. [evolution]
 22858 | D:12     | Reached XP level 14. HP: 97/124 MP: 21/21
 22862 | D:12     | Reached ****** piety under Lugonu
 23682 | D:12     | Found Qaiwuol's General Store.
 23705 | D:12     | Got a transparent copper amulet
 23706 | D:12     | Identified the amulet "Wefeum" {Faith +Inv rC+ Str+2} (You found it on level 12 of the Dungeon)
 24087 | D:12     | Reached skill level 5 in Shields
 24458 | D:13     | Found Joguxkec's Jewellery Emporium.
 24547 | D:13     | Bought the ring "Geuvavig" {*Drain Str+5 Int+3 SInv Stlth+} for 540 gold pieces
 24645 | D:13     | Bought the amulet of Beauty {Reflect rPois rF+ rN+ SH+2} for 448 gold pieces
 25236 | D:13     | Noticed a cyan very ugly thing
 25248 | D:13     | Killed a cyan very ugly thing
 25875 | D:14     | Noticed nano's ghost (journeyman SpVM)
 25881 | D:14     | Killed nano's ghost
 25909 | D:14     | Noticed a ghoul
 25911 | D:14     | Noticed a ghoul
 25924 | D:14     | Killed a ghoul
 26271 | D:14     | Noticed Louise
 26293 | D:14     | Killed Louise
 26754 | D:13     | Gained mutation: You are robust. (+10% HP) [evolution]
 26908 | D:14     | Noticed an entropy weaver
 26908 | D:14     | a queen ant changed into an entropy weaver
 26909 | D:14     | an entropy weaver changed into an ice dragon
 26958 | D:14     | Mangled by an ettin

Skill      XL: |  1  2  3  4  5  6  7  8  9 10 11 12 13 14 |
---------------+-------------------------------------------+-----
Fighting       | 4 5 6 8 9 10 11 | 11.8
Armour         | 4 5 7 8 10 11 12 14 15 16 | 16.2
Axes           | 4 5 6 8 10 12 13 14 16 | 16.6
Invocations    | 2 3 4 5 6 7 8 9 11 | 11.8
Dodging        | 2 3 4 5 6 |  6.0
Throwing       | 1 |  1.6
Shields        | 3 7 |  7.3

Action                   |  1- 3 |  4- 6 |  7- 9 | 10-12 | 13-15 || total
-------------------------+-------+-------+-------+-------+-------++-------
Melee: Hand axe          |    68 |   104 |    84 |       |       ||   256
       Headbutt          |    10 |    14 |    82 |   131 |   186 ||   423
       War axe           |       |       |   308 |   662 |   776 ||  1746
       Kick              |       |       |    81 |   188 |   290 ||   559
Throw: Tomahawk          |       |       |     7 |     4 |       ||    11
       Javelin           |       |       |       |     3 |       ||     3
Invok: Depart the Abyss  |     1 |       |       |     1 |       ||     2
       Banish            |       |       |     3 |     8 |     4 ||    15
       Bend Space        |       |       |       |     1 |     3 ||     4
Evoke: Wand              |       |       |       |       |     1 ||     1
  Use: Scroll            |     3 |     6 |     6 |    17 |     9 ||    41
       Potion            |     1 |       |     3 |     2 |    15 ||    21
 Stab: Paralysed         |       |       |       |       |     9 ||     9
       Confused          |       |       |       |       |     1 ||     1
       Petrifying        |       |       |       |       |     1 ||     1
  Eat: Chunk             |     2 |     4 |    16 |    10 |    18 ||    50
       Royal jelly       |       |       |       |    14 |     1 ||    15
       Bread ration      |       |       |       |     1 |     3 ||     4
Armor: Leather armour    |    16 |       |       |       |       ||    16
       Scale mail        |     4 |    15 |       |       |       ||    19
       Ring mail         |     4 |       |       |       |       ||     4
       Chain mail        |       |    52 |   190 |   408 |   389 ||  1039
       Skin              |       |       |       |       |     6 ||     6
Dodge: Dodged            |    63 |    71 |   230 |   439 |   312 ||  1115
Block: Large shield      |       |       |       |       |   583 ||   583
       Reflection        |       |       |       |       |     3 ||     3
